 Dungeon Crawl Stone Soup version 0.22.1-1-ga44c0e5 (webtiles) character file.

861 inc the Nimble (level 7, 37/37 HPs)
             Began as a Felid Fighter on Oct 27, 2018.
             Was a Follower of Uskayaw.
             Quit the game on level 1 of the Lair of Beasts.
             The game lasted 00:16:03 (6948 turns).

inc the Nimble (Felid Fighter)                      Turns: 6948, Time: 00:16:03

Health: 37/37      AC:  2    Str: 19    XL:     7   Next: 71%
Magic:  8/8        EV: 29    Int:  9    God:    Uskayaw [*.....]
Gold:   248        SH:  0    Dex: 16    Spells: 6/6 levels left
                                        Lives:  0   Deaths: 2

rFire    . . .     SeeInvis +     - Unarmed
rCold    . . .     Gourm    .   (shield unavailable)
rNeg     . . .     Faith    .   (armour unavailable)
rPois    .         Spirit   .   (helmet unavailable)
rElec    .         Reflect  .   (cloak unavailable)
rCorr    .         Harm     .   (gloves unavailable)
MR       +....                  (boots unavailable)
Stlth    ++........             o - amulet of rage
HPRegen  0.12/turn              f - +2 ring of evasion
MPRegen  0.11/turn              G - +4 ring of strength

@: quick
A: very small, no armour, no weapons or thrown items, stealth, claws 1, fangs 3,
see invisible, carnivore, speed 1, shaggy fur 2, slow metabolism 1, sharp paws
a: Stomp, Renounce Religion, Evoke Berserk Rage


You were on level 1 of the Lair of Beasts.
You worshipped Uskayaw.
Uskayaw was noncommittal.
You were not hungry.

You visited 3 branches of the dungeon, and saw 11 of its levels.

You collected 398 gold pieces.
You spent 150 gold pieces at shops.

Inventory:

Jewellery
 f - a +2 ring of evasion (left paw)
 g - an uncursed ring of poison resistance
 o - an amulet of rage (around neck)
 x - an uncursed ring of positive energy
 C - a cursed amulet of inaccuracy
 G - a +4 ring of strength (right paw)
Wands
 u - a wand of scattershot (2)
 v - a wand of paralysis (5)
 D - a wand of polymorph (16)
Scrolls
 j - 7 scrolls of remove curse
 k - 3 scrolls of amnesia {unknown}
 m - a scroll of blinking {unknown}
 n - 3 scrolls of enchant armour {unknown}
 q - a scroll of fear {unknown}
 r - 3 scrolls of noise {unknown}
 s - a scroll of magic mapping {unknown}
 y - 3 scrolls of teleportation {unknown}
 z - a scroll of acquirement {unknown}
 A - a scroll of torment {unknown}
 B - a scroll of enchant weapon {unknown}
 F - a scroll of identify
Potions
 a - 2 potions of might
 c - 2 potions of curing
 d - 3 potions of resistance
 e - a potion of berserk rage {unknown}
 h - 4 potions of degeneration {unknown}
 i - 4 potions of lignification
 l - 2 potions of flight
 p - a potion of invisibility {unknown}
 t - 2 potions of haste {unknown}
 w - 2 potions of mutation {unknown}
 E - a potion of brilliance {unknown}
Comestibles
 b - 10 rations


   Skills:
 + Level 8.4 Fighting
 + Level 10.9 Dodging
 - Level 9.0 Unarmed Combat


You had 6 spell levels left.
You didn't know any spells.
Your spell library contained the following spells:

 Spells                   Type           Power        Failure   Level  Hunger
 Animate Skeleton         Necr           N/A          38%         1    ##.....
 Apportation              Tloc           #.....       38%         1    ##.....
 Confusing Touch          Hex            #.....       38%         1    ##.....
 Sting                    Conj/Pois      #...         38%         1    ##.....
 Summon Small Mammal      Summ           #...         38%         1    ##.....
 Poisonous Vapours        Pois/Air       #.....       52%         2    ###....
 Mephitic Cloud           Conj/Pois/Air  #.......     77%         3    ####...
 Olgreb's Toxic Radiance  Pois           #.......     99%         4    #####..
 Venom Bolt               Conj/Pois      #.........   100%        5    ######.


Dungeon Overview and Level Annotations

Branches:
Dungeon (9/15)             Temple (1/1) D:5            Lair (1/6) D:9
    Orc: D:9-12

Altars:
Ashenzari
Cheibriados
Dithmenos
Elyvilon
Fedhas
Gozag
Hepliaklqana
Kikubaaqudgha
Makhleb
Nemelex Xobeh
Okawaru
Qazlal
Ru
Sif Muna
Trog
Uskayaw
Vehumet
Wu Jian
Yredelemnul
Zin
The Shining One

Shops:
D:9 *

Annotations:
D:3 Sigmund
D:5 2 transporters


Innate Abilities, Weirdness & Mutations

You cannot wear armour.
You are incapable of wielding weapons or throwing items.
Your paws allow you to move quietly. (Stealth)
You have sharp claws.
You have razor-sharp teeth.
You have supernaturally acute eyesight. (SInv)
You are carnivorous and can eat meat at any time.
You cover ground quickly.
You are covered in thick fur. (AC +2)
You have a slow metabolism.
Your sharp claws are effective at attacking unaware monsters.


Message History

A blink frog comes into view.
The blink frog croaks.
You hear a croak.
You see here 22 gold pieces.
The blink frog blinks! x2
The blink frog blinks!
The blink frog blinks!
There is an open door here.
The blink frog blinks!
You claw the blink frog!
The blink frog is moderately wounded.
The blink frog hits you!!
You barely miss the blink frog. Your claw misses the blink frog.
The blink frog is moderately wounded.
The blink frog hits you!
You die...
The blink frog blinks!
You are now level 7!
You rejoin the land of the living...
A spiny frog comes into view.
Are you sure you want to abandon this character and quit the game? (Confirm

.. ........
.. .......
. P+
#....P#.#
.##....P...
.+........
.......F.
#....#
+@...#
#P....#
##....#
#....#
.......
##P.#.#.
##### #


You could see a spiny frog (sleeping).

Vanquished Creatures
  2 trolls
  A hippogriff (D:8)
  2 sky beasts
  An orc warrior (Lair:1)
  3 ice beasts
  A phantom (D:9)
  4 ogres
  A centaur (D:9)
  A necrophage (D:7)
  A crocodile (D:7)
  3 big kobolds (D:8)
  3 bullfrogs
  A water moccasin zombie (D:7)
  4 wights (D:9)
  3 hounds
  An orc priest (D:8)
  2 orc wizards
  2 bullfrog skeletons
  2 centaur skeletons
  3 iguanas
  5 worker ants
  A hound zombie (D:6)
  A hound skeleton (D:8)
  A worker ant zombie (D:5)
  A gnoll (D:8)
  11 adders
  2 adder zombies
  2 adder skeletons
  2 worms
  3 dart slugs
  4 leopard geckos
  16 orcs
  A ball python (D:3)
  10 bats
  6 giant cockroaches
  9 goblins
  13 hobgoblins
  10 jackals
  12 kobolds
  4 quokkas
  A ball python skeleton (D:4)
  11 frilled lizards
  A jackal skeleton (D:4)
  8 rats
176 creatures vanquished.

Vanquished Creatures (others)
  An orc wizard (D:5)
1 creature vanquished.

Grand Total: 177 creatures vanquished

Notes
Turn   | Place    | Note
-------+----------+-------------------------------------------
     0 | D:1      | inc the Felid Fighter began the quest for the Orb.
     0 | D:1      | Reached XP level 1. HP: 10/10 MP: 2/2
    90 | D:1      | Reached XP level 2. HP: 10/14 MP: 3/3
   362 | D:1      | Reached skill level 5 in Unarmed Combat
   456 | D:1      | Reached XP level 3. HP: 17/17 MP: 4/4
  1399 | D:2      | Found a faded altar of an unknown god.
  1554 | D:3      | Reached XP level 4. HP: 20/21 MP: 5/5
  1638 | D:3      | Found a basalt altar of Yredelemnul.
  1955 | D:3      | Reached XP level 5. HP: 21/24 MP: 6/6
  1968 | D:3      | Noticed Sigmund
  2437 | D:4      | Noticed a dagger
  2437 | D:4      | Noticed a dagger
  2465 | D:4      | Found a hide-covered altar of Uskayaw.
  2771 | D:4      | Noticed an ogre
  2777 | D:4      | Killed an ogre
  2777 | D:4      | Gained mutation: You are covered in thick fur. (AC +2)
                  | [Felid growth]
  2777 | D:4      | Reached XP level 6. HP: 28/28 MP: 7/7
  3023 | D:4      | Found a bloodstained altar of Trog.
  3125 | D:5      | Entered Level 5 of the Dungeon
  3301 | D:5      | Found a transporter.
  3337 | D:5      | Reached XP level 7. HP: 27/31 MP: 8/8
  3343 | D:5      | Found a shattered altar of Ashenzari.
  3504 | D:5      | Found a hazy altar of Hepliaklqana.
  3541 | D:5      | Found a staircase to the Ecumenical Temple.
  3590 | Temple   | Entered the Ecumenical Temple
  3731 | D:4      | Became a worshipper of Uskayaw the Reveler
  3803 | D:5      | Found a transporter.
  3803 | D:5      | Noticed a fire bat
  4059 | D:6      | Reached * piety under Uskayaw
  4060 | D:6      | Reached ** piety under Uskayaw
  4372 | D:6      | Found an opulent altar of Gozag.
  4513 | D:6      | Reached skill level 5 in Dodging
  4670 | D:7      | Reached skill level 6 in Dodging
  4670 | D:7      | Reached XP level 8. HP: 36/36 MP: 9/9
  4860 | D:7      | Reached skill level 5 in Fighting
  4913 | D:7      | You fall through a shaft!
  4913 | D:8      | Noticed a troll
  4916 | D:8      | Noticed a hippogriff
  5087 | D:7      | Reached skill level 7 in Dodging
  5199 | D:8      | Found an ornate altar of the Wu Jian Council.
  5400 | D:8      | Noticed a two-headed ogre
  5442 | D:8      | Reached skill level 8 in Dodging
  5443 | D:8      | Reached *** piety under Uskayaw
  5444 | D:8      | Killed a troll
  5645 | D:8      | Killed a hippogriff
  5645 | D:8      | Reached skill level 9 in Dodging
  5645 | D:8      | Reached XP level 9. HP: 41/43 MP: 10/10
  5647 | D:8      | Reached **** piety under Uskayaw
  6528 | D:9      | Found Nic Fera's Assorted Antiques.
  6542 | D:9      | Reached skill level 10 in Dodging
  6566 | D:9      | Bought a notched sapphire ring for 150 gold pieces
  6710 | D:9      | Noticed a troll
  6725 | D:9      | Killed a troll
  6868 | D:9      | Slain by a wyvern
  6869 | D:9      | Reached XP level 8. HP: 0/41 MP: 9/9
  6869 | D:9      | Noticed a hornet
  6876 | D:9      | Found a staircase to the Lair.
  6881 | Lair:1   | Entered Level 1 of the Lair of Beasts
  6921 | Lair:1   | Noticed a blink frog
  6936 | Lair:1   | Noticed a blink frog
  6947 | Lair:1   | Slain by a blink frog
  6948 | Lair:1   | Reached XP level 7. HP: -1/37 MP: 8/8
  6948 | Lair:1   | Noticed a spiny frog
  6948 | Lair:1   | Quit the game

Skill      XL: |  1  2  3  4  5  6  7  8  9 |
---------------+----------------------------+-----
Unarmed Combat | 5 6 7 8 9 |  9.0
Dodging        | 6 9 10 | 10.9
Fighting       | 4 7 8 |  8.4

Action                   |  1- 3 |  4- 6 |  7- 9 || total
-------------------------+-------+-------+-------++-------
Melee: Unarmed           |    96 |   131 |   285 ||   512
       Bite              |     3 |     9 |    34 ||    46
       Punch             |     2 |     3 |     9 ||    14
 Abil: Evoke Berserk Rag |       |     3 |     8 ||    11
  Use: Scroll            |       |     3 |     4 ||     7
 Stab: Sleeping          |     7 |     5 |     2 ||    14
       Distracted        |     1 |       |     1 ||     2
       Paralysed         |       |       |     7 ||     7
  Eat: Chunk             |       |    14 |     4 ||    18
Armor: Skin              |     3 |     4 |     7 ||    14
Dodge: Dodged            |    66 |    96 |   286 ||   448
